 Dungeon Crawl Stone Soup version 0.23-a0-701-gd76f34b (webtiles) character file.

41 Lanoc the Slasher (level 3, 0/29 HPs)
             Began as a Demonspawn Berserker on Jan 12, 2019.
             Was a Follower of Trog.
             Succumbed to an adder's poison
             ... on level 2 of the Dungeon.
             The game lasted 00:01:20 (871 turns).

Lanoc the Slasher (Demonspawn Berserker)             Turns: 871, Time: 00:01:21

Health: 0/29       AC:  2    Str: 18    XL:     3   Next: 32%
Magic:  3/3        EV: 12    Int:  8    God:    Trog [*.....]
Gold:   82         SH:  6    Dex: 12    Spells: 2/2 levels left

rFire    . . .     SeeInvis .   a - +0 falchion
rCold    . . .     Gourm    .   (no shield)
rNeg     . . .     Faith    .   b - +0 animal skin
rPois    .         Spirit   .   (no helmet)
rElec    .         Reflect  .   (no cloak)
rCorr    .         Harm     .   (no gloves)
MR       .....                  (no boots)
Stlth    +.........             (no amulet)
HPRegen  0.09/turn              (no ring)
MPRegen  0.08/turn              (no ring)

@: lethally poisoned (0 -> -1), berserk cooldown, slowed, very slow
A: large bone plates 2
a: Berserk, Renounce Religion


You were on level 2 of the Dungeon.
You worshipped Trog.
Trog was aware of your devotion.
You were hungry.

You visited 1 branch of the dungeon, and saw 2 of its levels.

You collected 82 gold pieces.

Inventory:

Hand Weapons
 a - a +0 falchion (weapon)
Armour
 b - a +0 animal skin (worn)
Scrolls
 f - a scroll of remove curse {unknown}
Potions
 d - a potion of flight {unknown}
 e - a potion of haste {unknown}
Comestibles
 c - a ration
 g - 2 chunks of flesh


   Skills:
 + Level 3.3 Fighting
 * Level 3.3 Long Blades
 + Level 2.2 Armour
 + Level 2.1 Dodging


You had 2 spell levels left.
You didn't know any spells.
Your spell library was empty.

Dungeon Overview and Level Annotations

Branches:
Dungeon (2/15)

Altars:


Innate Abilities, Weirdness & Mutations

You are mostly covered in large bone plates. (SH +6)


Message History

* * * LOW HITPOINT WARNING * * *
You hit the adder.
The adder is heavily wounded.
You feel sick. The adder bites you.
* * * LOW HITPOINT WARNING * * *
You slash the adder!
You kill the adder!
Trog accepts your kill.
You see here a jackal corpse.
You butcher the jackal corpse.
You feel a strong urge to attack something.
g - 3 chunks of flesh You see here a jackal skeleton.
Eat one of 3 chunks of flesh? (ye/n/q)
You eat one of the 3 chunks of flesh.
This raw flesh tastes terrible.
You are feeling hungry.
You feel your anger nearly subside.
You are no longer berserk.
You are exhausted.
You feel yourself slow down.
You die...

.. ## .. ... .##.#
..#.# #####.#.# #
#...#.#.#
###.#.#.#.#.#.#######
.......<.............
###.#.###.#.#@#.....
# ...#.#รท# .?.
#####.#.# . #.#.#
#.#.# #.#.# ..#.#
###.# ...


There were no monsters in sight!

Vanquished Creatures
  An adder (D:2)
  An ooze (D:1)
  A dart slug (D:1)
  A leopard gecko (D:1)
  2 bats (D:1)
  2 giant cockroaches
  A goblin (D:1)
  4 hobgoblins (D:1)
  2 jackals (D:2)
  A ball python (D:1)
  2 frilled lizards
  6 rats
24 creatures vanquished.

Notes
Turn   | Place    | Note
-------+----------+-------------------------------------------
     0 | D:1      | Lanoc the Demonspawn Berserker began the quest for the Orb.
     0 | D:1      | Reached XP level 1. HP: 18/18 MP: 1/1
   362 | D:1      | Gained mutation: You are partially covered in large bone
                  | plates. (SH +4) [demonic ancestry]
   362 | D:1      | Reached XP level 2. HP: 22/24 MP: 2/2
   847 | D:2      | Gained mutation: You are mostly covered in large bone
                  | plates. (SH +6) [demonic ancestry]
   847 | D:2      | Reached XP level 3. HP: 21/29 MP: 3/3
   865 | D:2      | HP: 2/43 [adder (3)]
   871 | D:2      | Succumbed to an adder's poison

Vault maps used:
D:1:      onia_arrival_handbag, dk_noncrumbling_4
D:2:      nicolae_overflow_crystal_walls, uniq_crazy_yiuf_cottage

Skill      XL: |  1  2 |
---------------+-------+-----
Long Blades    | 3 |  3.3
Armour         | 2 |  2.2
Dodging        | 2 |  2.1
Fighting       | |  3.3

Action                   || total
-------------------------++-------
Melee: Falchion          ||    84
Invok: Berserk           ||     2
  Eat: Chunk             ||     1
Armor: Animal skin       ||    16
Dodge: Dodged            ||    51
Block: Other             ||    11
       Rpst.: Falchion   ||    17

Table legend:
 A = Non-vault XP
 B = Vault XP
 C = Vault XP percentage of total XP
 D = Non-vault monster count
 E = Vault monster count
 F = Vault count percentage of total count
                 A         B        C        D         E       F
            +---------+---------+-------+---------+---------+-------
      Total |      49 |      10 |  16.9 |      20 |       4 |  16.7
            +---------+---------+-------+---------+---------+-------
        D:1 |      26 |      10 |  27.8 |      13 |       4 |  23.5
        D:2 |      23 |       0 |   0.0 |       7 |       0 |   0.0
            +---------+---------+-------+---------+---------+-------
